 Dungeon Sprint DCSS version 0.28.0-45-g0d030f2227 (webtiles) character file.

Game seed: 9853298841611369562

15 Zeld the Magician (level 2, -3/18 HPs)
             Began as a Deep Elf Fire Elementalist on Apr 24, 2022.
             Was an Initiate of Vehumet.
             Slain by an iron imp (6 damage)
             ... in the Dungeon (Sprint V: "Ziggurat Sprint").
             The game lasted 00:01:12 (366 turns).

Zeld the Magician (Deep Elf Fire Elementalist)       Turns: 366, Time: 00:01:13

Health: -3/18      AC:  2    Str:  5    XL:     2   Next: 34%
Magic:  10/10      EV: 13    Int: 31    God:    Vehumet [......]
Gold:   0          SH:  0    Dex: 15    Spells: 8/11 levels left

rFire   . . .      SeeInvis .   a - +7 Singing Sword {vorpal, sonic wave}
rCold   . . .      Faith    .   (no shield)
rNeg    . . .      Spirit   .   x - +0 robe
rPois   .          Reflect  .   (no helmet)
rElec   .          Harm     .   (no cloak)
rCorr   .          Rampage  .   (no gloves)
Will    .....      NoTele   +   (no boots)
Stlth   +++.......              (no amulet)
HPRegen 0.06/turn               u - +6 ring of intelligence
MPRegen 0.12/turn               v - +6 ring of intelligence

@: no status effects
A: no striking features
a: Renounce Religion


You were in the Dungeon.
You worshipped Vehumet.
Vehumet was noncommittal.
You visited 1 branch

Inventory:

Hand Weapons
 a - the +7 Singing Sword (weapon) {vorpal, sonic wave}
   (You found it in the Dungeon)

   It inflicts extra damage upon your enemies.
   It radiates damaging sonic waves as it strikes, especially in combat
   involving dangerous or numerous foes.
Armour
 x - a +0 robe (worn)
Jewellery
 u - a +6 ring of intelligence (left hand)
 v - a +6 ring of intelligence (right hand)
Wands
 r - a wand of mindburst (7)
 s - a wand of iceblast (7)
 t - a wand of acid (7)
Scrolls
 g - 4 scrolls of blinking
 h - 4 scrolls of amnesia
 i - 7 scrolls of fog
 j - a scroll of holy word
 k - 5 scrolls of identify
 l - 2 scrolls of fear
Potions
 b - 10 potions of curing
 c - 10 potions of heal wounds
 d - 6 potions of haste
 e - 7 potions of magic
 f - 3 potions of berserk rage
 m - 2 potions of brilliance
 n - 2 potions of invisibility
 o - 4 potions of resistance
 q - 5 potions of might
Miscellaneous
 w - a lightning rod (4/4)


   Skills:
 * Level 2.4 Fighting
 * Level 2.6 Long Blades
 + Level 3.5 Dodging
 + Level 3.8 Stealth
 * Level 5.1 Spellcasting
 + Level 2.6 Conjurations
 * Level 4.8 Fire Magic


You had 8 spell levels left.
You knew the following spells:

 Your Spells              Type           Power      Damage    Failure   Level
a - Foxfire               Conj/Fire      100%       2x1d9     1%          1
b - Scorch                Fire           74%        2d9       1%          2

Your spell library contained the following spells:

 Spells                   Type           Power      Damage    Failure   Level
 Conjure Flame            Conj/Fire      31%        6-21      3%          3
 Inner Flame              Hex/Fire       23%        N/A       6%          3
 Flame Wave               Conj/Fire      31%        2d8       12%         4


Dungeon Overview and Level Annotations

Branches:
Dungeon (1/1)

Altars:
Ashenzari
Cheibriados
Dithmenos
Elyvilon
Fedhas
Gozag
Hepliaklqana
Kikubaaqudgha
Makhleb
Nemelex Xobeh
Okawaru
Qazlal
Ru
Sif Muna
Trog
Uskayaw
Vehumet
Wu Jian
Xom
Yredelemnul
Zin
The Shining One
Beogh
Jiyva
Lugonu

Annotations:
D 1 transporter


Message History

Your Fire Magic skill increases to level 4!
You have reached level 2!
Okay, then.
Memorise Scorch, consuming 2 spell levels and leaving 8?
You start memorising the spell.
You continue memorising. x2
You finish memorising.
Spell assigned to 'b'.
You start resting.
Magic restored.
You start waiting.
You start waiting.
Done waiting.
There is a transporter here.
Welcome to arena 1.
You enter the transporter and appear at another place.
A white imp and an iron imp come into view.
Found a staff of death and an amulet of magic regeneration.
Found a transporter.
The white imp shouts!
The iron imp shouts!
The iron imp hits you. The white imp closely misses you.
You slash the white imp!
You kill the white imp!
Vehumet accepts your kill. The iron imp closely misses you.
You hit the iron imp but do no damage. The iron imp hits you.
You slash the iron imp!
The iron imp is severely wounded.
The iron imp hits you!
* * * LOW HITPOINT WARNING * * *
The iron imp misses you.
You are too injured to fight recklessly!
You are too injured to fight recklessly!
You barely miss the iron imp.
The iron imp is severely wounded.
The iron imp hits you.
* * * LOW HITPOINT WARNING * * *
Unknown command.
You barely miss the iron imp.
The iron imp is severely wounded.
The iron imp hits you.
You die...

▓▓▓▓▓▓▓
▓.8©8.▓
▓.....▓
▓.".5.▓
▓..@..▓
▓.....▓
▓..©..▓
▓▓▓▓▓▓▓


You could see an iron imp.

Vanquished Creatures
  A white imp (D)
1 creature vanquished.

Notes
Turn   | Place    | Note
-------+----------+-------------------------------------------
     0 | D        | Zeld the Deep Elf Fire Elementalist began the quest for the
                  | Orb.
     0 | D        | Reached XP level 1. HP: 10/10 MP: 6/6
     2 | D        | Found a blossoming altar of Fedhas.
     2 | D        | Found the +6 Majin-Bo {vamp, MP+6 Int+6}
     2 | D        | Found the +9 heavy crossbow "Sniper" {vorpal, Acc+∞ SInv}
     2 | D        | Found the +10 dark maul {vorpal}
     2 | D        | Found the +15 Maxwell's patent armour {-Cast -Tele rElec
                  | Will+ rCorr}
     2 | D        | Found the +18 shield of the Gong {rElec rN+ Will+ EV-5}
     2 | D        | Found the +14 obsidian axe {vorpal, Mesm Drain Fly SInv}
     2 | D        | Found the +7 great mace "Firestarter" {inner flame, rF++}
     2 | D        | Found the +6 shillelagh "Devastator" {shatter}
     2 | D        | Found the +11 plutonium sword {Contam Stlth-}
     2 | D        | Found the +8 lance "Wyrmbane" {slay drac, rPois rF+ rC+
                  | AC+3}
     2 | D        | Found the +9 sword of Zonguldrok {reap}
     2 | D        | Found the +13 scythe of Curses {drain, Drain}
     2 | D        | Found the +5 sword of Power {vorpal}
     2 | D        | Found the +7 mace of Variability {chain chaos}
     2 | D        | Found the +7 Singing Sword {vorpal, sonic wave}
     2 | D        | Found the +8 storm bow {elec, penet}
     3 | D        | Found a viscous altar of Jiyva.
     3 | D        | Found a hazy altar of Hepliaklqana.
     3 | D        | Found a transporter.
     3 | D        | Found an opulent altar of Gozag.
     3 | D        | Found an ancient bone altar of Kikubaaqudgha.
     3 | D        | Found a corrupted altar of Lugonu.
    12 | D        | Found a burning altar of Makhleb.
    14 | D        | Found a stormy altar of Qazlal.
    14 | D        | Found a sacrificial altar of Ru.
    14 | D        | Found an iron altar of Okawaru.
    14 | D        | Found a shimmering blue altar of Sif Muna.
    14 | D        | Found a sparkling altar of Nemelex Xobeh.
    14 | D        | Found a bloodstained altar of Trog.
   169 | D        | Became a worshipper of Vehumet
   171 | D        | Reached skill level 5 in Spellcasting
   171 | D        | Reached XP level 2. HP: 18/18 MP: 7/10
   175 | D        | Learned a level 2 spell: Scorch
   359 | D        | Entered arena 2.
   359 | D        | Found a transporter.
   366 | D        | Slain by an iron imp

Illustrated notes

Levels and vault maps discovered:
D:        sprint_v [room_start, room_1, room_2, room_3, room_4, room_5, room_6,
          room_7, room_8, room_9, room_10, room_11, room_12, room_13, room_14,
          room_15, room_16, room_17, room_18, room_19, room_20, room_21,
          room_22, room_23, room_24, room_25, room_26, room_27]

Skill      XL: |  1 |
---------------+----+-----
Fighting       | 2 |  2.4
Long Blades    | 2 |  2.6
Dodging        | 3 |  3.5
Stealth        | 3 |  3.8
Spellcasting   | 5 |  5.1
Conjurations   | 2 |  2.6
Fire Magic     | 4 |  4.8

Action                   || total
-------------------------++-------
Melee: Double sword      ||     5
  Use: Potion            ||     1
Dodge: Dodged            ||     3
